 Dungeon Crawl Stone Soup version 0.21.1-1-g345015fe64 (webtiles) character file.

72 gvccisandals the Poker (level 4, -9/33 HPs)
             Began as a Merfolk Skald on Apr 14, 2018.
             Was an Initiate of Ashenzari.
             Killed by divine providence
             ... invoked by an orc priest
              (11 damage)
             ... on level 2 of the Dungeon.
             The game lasted 00:05:53 (1858 turns).

gvccisandals the Poker (Merfolk Skald)              Turns: 1858, Time: 00:05:53

Health: -9/33      AC:  3    Str: 11    XL:     4   Next: 25%
Magic:  0/7        EV: 12    Int: 18    God:    Ashenzari [......]
Gold:   135        SH:  4    Dex: 13    Spells: 4/7 levels left

rFire    . . .     SeeInvis .   a - +0 spear
rCold    . . .     Gourm    .   (no shield)
rNeg     . . .     Faith    .   b - +0 leather armour
rPois    .         Spirit   .   (no helmet)
rElec    .         Reflect  +   (no cloak)
rCorr    .         Harm     .   (no gloves)
MR       .....                  (no boots)
Stlth    +.........             m - +4 amulet of reflection
HPRegen  0.11/turn              r - +5 ring of intelligence (curse)
MPRegen  0.10/turn              (no ring)

@: infused (expiring)
A: change form in water, swift swim, stealthy swim
a: Curse Item, Renounce Religion


You were on level 2 of the Dungeon.
You worshipped Ashenzari.
Ashenzari was noncommittal.
You were hungry.

You visited 1 branch of the dungeon, and saw 3 of its levels.

You collected 135 gold pieces.

Inventory:

Hand Weapons
 a - a +0 spear (weapon)
Armour
 b - a +0 leather armour (worn)
Jewellery
 m - a +4 amulet of reflection (around neck)
 r - a cursed +5 ring of intelligence (left hand)
 s - an uncursed ring of wizardry
Scrolls
 g - 2 scrolls of noise {unknown}
 l - a scroll of enchant armour {unknown}
 n - 3 scrolls of identify {unknown}
 q - 2 scrolls of amnesia {unknown}
 t - a scroll of teleportation {unknown}
Potions
 e - a potion of flight {unknown}
 f - a potion of might {unknown}
 h - a potion of haste {unknown}
 i - 2 potions of mutation {unknown}
 j - a potion of berserk rage {unknown}
 k - a potion of curing {unknown}
 o - a potion of magic {unknown}
 p - a potion of invisibility {unknown}
Books
 c - a book of Battle

   Spells                             Type                      Level
   a - Infusion                       Charms                       1
   b - Shroud of Golubria             Charms/Translocation         2
   c - Song of Slaying                Charms                       2
   d - Spectral Weapon                Hexes/Charms                 3
   e - Regeneration                   Charms/Necromancy            3
Comestibles
 d - 4 rations


   Skills:
 - Level 2.1 Fighting
 + Level 5.0 Polearms
 - Level 0.6 Armour
 - Level 2.6 Dodging
 - Level 2.0 Spellcasting
 + Level 4.5 Charms


You had 4 spell levels left.
You knew the following spells:

 Your Spells              Type           Power        Failure   Level  Hunger
a - Infusion              Chrm           ###.         3%          1    #......
b - Song of Slaying       Chrm           ###.....     5%          2    ###....


Dungeon Overview and Level Annotations

Branches:
Dungeon (3/15)

Altars:
Ashenzari
Yredelemnul
Zin


Message History

You hit the orc priest but do no damage.
The orc priest is heavily wounded.
You hit the orc priest.
The orc priest is almost dead.
The orc priest mumbles some strange prayers to Beogh against you.
Pain shoots through your body!
* * * LOW HITPOINT WARNING * * *
You hit the orc priest but do no damage.
The orc priest is almost dead.
The orc priest hits you with a club.
* * * LOW HITPOINT WARNING * * *
You hit the orc priest but do no damage.
The orc priest is almost dead.
Your magical infusion is running out.
The orc priest hits you but does no damage.
You closely miss the orc priest.
The orc priest is almost dead.
The orc priest mumbles some strange prayers to Beogh against you.
Beogh smites you!
You die...

.# #.# ############..#.## .# #.#
#.............#.# ####
#.#####.##########.##.# ...####
#.##..........# #.##.# ......#
#.##.##.#####.# #.##.# .#.##.#
#.##.##.# #.# #.##.# .#.##.#
#.##.##.# #.# #.##.## ...##.#
#.##.##o# #.# ##[##.#. .####.#
#.##.##@#####.###...#.#. .#
#.####.##.##.#.....†.........
.####............................
................#..###.##########
#############.#...## #.# #
#.########.# # #..........#
############


You could see an orc priest.

Vanquished Creatures
  An ooze (D:1)
  2 worms (D:2)
  2 dart slugs
  2 leopard geckos
  An orc (D:3)
  4 giant cockroaches
  4 goblins
  7 hobgoblins
  4 jackals (D:2)
  A ball python (D:2)
  4 bats
  4 frilled lizards
  5 kobolds
  15 rats
56 creatures vanquished.

Notes
Turn   | Place    | Note
-------+----------+-------------------------------------------
     0 | D:1      | gvccisandals the Merfolk Skald began the quest for the Orb.
     0 | D:1      | Reached XP level 1. HP: 16/16 MP: 3/3
     2 | D:1      | Noticed a naga
     4 | D:1      | Noticed a human
     4 | D:1      | Noticed a demigod
     6 | D:1      | Noticed a troll
     6 | D:1      | Noticed a vine stalker
     9 | D:1      | Noticed a gargoyle
    11 | D:1      | Noticed a minotaur
    11 | D:1      | Noticed a tengu
    13 | D:1      | Noticed an elf
    13 | D:1      | Noticed an octopode
    15 | D:1      | Noticed a formicid
    15 | D:1      | Noticed a felid
    17 | D:1      | Noticed a halfling
    17 | D:1      | Noticed a demonspawn
    19 | D:1      | Noticed a merfolk
    19 | D:1      | Noticed an ogre
    21 | D:1      | Noticed a ghoul
    21 | D:1      | Noticed a centaur
    23 | D:1      | Noticed a vampire
    25 | D:1      | Noticed a draconian
    25 | D:1      | Noticed a dwarf
    27 | D:1      | Noticed a spriggan
   102 | D:1      | Reached XP level 2. HP: 19/22 MP: 0/5
   342 | D:1      | Reached skill level 4 in Polearms
   434 | D:1      | Reached XP level 3. HP: 27/27 MP: 6/6
   792 | D:2      | Found a shattered altar of Ashenzari.
   793 | D:2      | Found a basalt altar of Yredelemnul.
   805 | D:2      | Became a worshipper of Ashenzari the Shackled
  1295 | D:2      | Reached XP level 4. HP: 33/33 MP: 0/7
  1334 | D:2      | Found a glowing silver altar of Zin.
  1824 | D:2      | Learned a level 2 spell: Song of Slaying
  1850 | D:2      | Reached skill level 5 in Polearms
  1856 | D:2      | HP: 1/33 [orc priest/club (5)]
  1858 | D:2      | Killed from afar by an orc priest

Skill      XL: |  1  2  3  4 |
---------------+-------------+-----
Polearms       | 4 5 |  5.0
Charms         | 4 |  4.5
Fighting       | |  2.1
Armour         | |  0.6
Dodging        | |  2.6
Spellcasting   | |  2.0

Action                   |  1- 3 |  4- 6 || total
-------------------------+-------+-------++-------
Melee: Spear             |   150 |    61 ||   211
 Cast: Infusion          |    15 |     6 ||    21
       Song of Slaying   |       |     1 ||     1
Invok: Curse Item        |     1 |       ||     1
 Stab: Sleeping          |     2 |       ||     2
  Eat: Chunk             |     1 |     2 ||     3
Armor: Leather armour    |    21 |    13 ||    34
Dodge: Dodged            |    57 |    55 ||   112
Block: Other             |    10 |    11 ||    21
       Reflection        |       |     1 ||     1
